 Dungeon Crawl Stone Soup version 0.32-a0-576-g706899e69d (webtiles) character file.

Game seed: 8057126329317076596

2326 anacleto the Mimic (level 9, -3/79 HPs)
             Began as a Troll Shapeshifter on Mar 1, 2024.
             Was an Initiate of the Shining One.
             Slain by a sun demon (10 damage)
             ... summoned by an orc high priest
             ... in a bailey.
             The game lasted 00:17:18 (5825 turns).

anacleto the Mimic (Troll Shapeshifter)             Turns: 5825, Time: 00:17:19

Health: -3/79      AC:  2    Str: 28    XL:     9   Next: 19%
Magic:  8/8        EV: 15    Int:  6    God:    the Shining One [......]
Gold:   402        SH:  0    Dex: 11    Spells: 8/8 levels left

rFire   . .          .
                       - Unarmed
rCold   . . .        (no shield)
rNeg    . . .        h - melded +0 steam dragon scales
rPois   .            (helmet restricted)
rElec   .            (no cloak)
rCorr   .            (gloves unavailable)
SInv    .            (boots unavailable)
Will    +....        (no amulet)
Stlth   +            z - +5 ring of evasion
HPRegen 1.13/turn    (no ring)
MPRegen 0.11/turn

%: no passive effects
@: maw-form, attractive, glowing
A: devouring maw, large, unfitting armour, claws 3, regeneration 1, shaggy fur
1, tough skin 1, hooves 1, screaming 1
a: Begin Untransformation, Renounce Religion


You were in a bailey.
You worshipped the Shining One.
The Shining One was noncommittal.
You were a creature with a mouth for a stomach.
You visited 1 branch of the dungeon, and saw 7 of its levels.
You also visited: Bailey.

You collected 402 gold pieces.

Inventory:

Missiles
 b - 5 poisoned darts
 w - 6 boomerangs (quivered)
Armour
 h - +0 steam dragon scales (melded)
Jewellery
 z - a +5 ring of evasion (left claw)
Talismans
 c - a beast talisman
 d - a flux talisman
 u - the maw talisman of Enwor (active) {Will+ Dex+2 Slay+2}
   (You found it on level 3 of the Dungeon)

   [maw talisman]

   Dex+2:     It affects your dexterity (+2).
   Slay+2:    It affects your accuracy & damage with ranged weapons and melee
   (+2).
   Will+:     It increases your willpower.
 D - a blade talisman
Wands
 s - a wand of flame (32)
 v - a wand of quicksilver (7)
 C - a wand of polymorph (5)
Scrolls
 a - a scroll of enchant weapon {unknown}
 e - a scroll of teleportation
 f - a scroll of immolation
 g - a scroll of blinking {unknown}
 j - a scroll of fog {unknown}
 n - a scroll of amnesia {unknown}
 q - a scroll of vulnerability {unknown}
 r - 2 scrolls of silence {unknown}
 y - a scroll of torment {unknown}
 A - a scroll of poison {unknown}
 E - a scroll of summoning {unknown}
 F - a scroll of noise {unknown}
 G - a scroll of fear {unknown}
Potions
 i - a potion of berserk rage {unknown}
 k - a potion of curing
 l - a potion of degeneration {unknown}
 m - 2 potions of attraction
 o - 2 potions of magic
 p - a potion of cancellation {unknown}
 t - a potion of mutation
 x - a potion of ambrosia {unknown}
 B - a potion of enlightenment {unknown}


   Skills:
 - Level 1.6 Fighting
 - Level 3.8 Throwing
 - Level 2.2 Dodging
 - Level 3.5 Unarmed Combat
 * Level 10.5 Shapeshifting


You had 8 spell levels left.
You didn't know any spells.
Your spell library contained the following spells:

 Spells                   Type           Power      Damage    Failure   Level
 Apportation              Tloc           0%         N/A       45%         1
 Necrotise                Necr           0%         1d4       45%         1
 Sting                    Conj/Alch      0%         1d3       45%         1
 Summon Small Mammal      Summ           0%         N/A       45%         1
 Call Imp                 Summ           0%         N/A       58%         2
 Jinxbite                 Hex            0%         N/A       58%         2
 Sublimation of Blood     Necr           0%         N/A       58%         2
 Mephitic Cloud           Conj/Alch/Air  0%         N/A       83%         3
 Vhi's Electric Charge    Tloc/Air       0%         N/A       99%         4
 Alistair's Intoxication  Alch           0%         N/A       100%        5
 Arcjolt                  Conj/Air       0%         1d10      100%        5
 Eringya's Noxious Bog    Alch           0%         4d6       100%        6
 Plasma Beam              Fire/Air       0%         2x1d10    100%        6
 Summon Hydra             Summ           0%         N/A       100%        7
 Polar Vortex             Ice            0%         N/A       100%        9


Dungeon Overview and Level Annotations

Branches:
Dungeon (7/15)             Bailey (1/1)
 Temple: D:4-7

Altars:
Ashenzari
Elyvilon
Sif Muna
Vehumet
Wu Jian
The Shining One

Shops:
D:2 [

Annotations:
D:4 1 runed translucent door, Crazy Yiuf


Innate Abilities, Weirdness & Mutations

You are a creature with a mouth for a stomach.
Your midsection houses a second, enormous mouth.
You are too large for most types of armour.
You have claws for hands.
Your natural rate of healing is unusually fast.
You are covered in fur. (AC +1)
You have tough skin. (AC +1)
You have large cloven feet.
You occasionally shout uncontrollably at your foes.


Message History

a +0 hand axe; a +0 leather armour
Things that are here:
a +0 hand axe; a +0 leather armour
Things that are here:
a +0 hand axe; a +0 leather armour
Things that are here:
a +0 hand axe; a +0 leather armour
There is a large open door here.
Which direction?
You close the gate.
The sun demon hits you but does no damage.
You open the gate. The sun demon closely misses you.
The sun demon attacks as it pursues you!
The sun demon hits you!!
You are engulfed in flames!!
There is an open gate, spattered with blood here.
Okay, then.
Okay, then.
Okay, then.
You barely miss the sun demon. Your bite misses the sun demon.
The sun demon hits you!
You are engulfed in flames!
* * * LOW HITPOINT WARNING * * *
Okay, then.
Okay, then.
Okay, then.
Okay, then.
Okay, then.
It was a potion of attraction.
You feel attractive to monsters. The sun demon hits you.
* * * LOW HITPOINT WARNING * * *
You are engulfed in flames!
The Shining One protects you from harm!
The orc high priest is attracted toward you.
Okay, then.
It was a potion of mutation.
You feel extremely strange.
You feel the urge to shout.
Your feet thicken and deform.
The sun demon barely misses you.
The orc high priest utters an invocation to Beogh.
The sun demon hits you!
You die...

#.. #.)#.~≈≈≈≈≈≈
#.ß# ####ß.# #....
#######.....# #.ß..
#.....#..§ß)#
.....#.....#.....#
#..#..⌠..#..####
#..'.....o..#
#..'....3'.4#
#####''W#####
#...).......#
###~~~~...~~~~####
≈≈≈≈≈≈≈≈≈...≈≈≈≈≈≈≈≈
≈≈≈≈≈≈≈≈≈...≈≈≈≈≈≈≈≈
≈≈≈≈≈≈≈≈≈...≈≈≈≈≈≈≈≈
≈≈≈≈≈≈≈≈≈.).≈≈≈≈≈≈≈≈
≈≈≈≈≈≈.........≈≈≈≈≈
#######.......######


You could see an orc high priest, a sun demon (summoned) and a red devil
(summoned).

Vanquished Creatures
  Eustachio (D:4)
  2 steam dragons (D:5)
  2 water moccasins
  4 orc warriors (Bailey)
  2 ice beasts
  A phantom (D:5)
  2 bullfrogs (D:6)
  A scorpion (D:5)
  A gnoll sergeant (D:5)
  4 electric eels (Bailey)
  A howler monkey (D:6)
  2 bombardier beetles
  A jelly (D:5)
  3 orc priests
  2 gnoll boudas
  2 hounds (D:6)
  Ijyb (D:4)
  An iguana (D:4)
  A sleepcap (D:7)
  An orc wizard (D:5)
  5 adders
  7 gnolls
  A white imp (D:6)
  5 dart slugs
  29 orcs
  4 ball pythons
  5 endoplasms
  3 giant cockroaches
  8 goblins
  9 hobgoblins
  8 jackals
  9 kobolds
  4 quokkas
  7 bats
  2 frilled lizards (D:3)
  2 rats
143 creatures vanquished.

Notes
Turn   | Place    | Note
-------+----------+-------------------------------------------
     0 | D:1      | anacleto the Troll Shapeshifter began the quest for the
                  | Orb.
     0 | D:1      | Reached XP level 1. HP: 18/18 MP: 0/0
    75 | D:1      | Reached skill level 1 in Fighting
   119 | D:1      | Reached XP level 2. HP: 27/27 MP: 1/1
   376 | D:1      | Reached XP level 3. HP: 33/33 MP: 2/2
   604 | D:2      | Found Zypuawoj's Antique Armour Boutique.
   621 | D:2      | Identified the +1 pair of boots of the Louse {MP+9}
   810 | D:2      | Reached XP level 4. HP: 40/41 MP: 3/3
   892 | D:2      | Found a faded altar of an unknown god.
  1665 | D:3      | Identified the maw talisman of Enwor {Will+ Dex+2 Slay+2}
  1713 | D:3      | Found a broken altar of Ashenzari.
  1845 | D:3      | Found an ornate altar of the Wu Jian Council.
  2151 | D:4      | Noticed Ijyb
  2159 | D:4      | Killed Ijyb
  2160 | D:4      | Reached skill level 4 in Shapeshifting
  2224 | D:4      | You fall into a shaft and drop 2 floors!
  2230 | D:6      | Reached XP level 5. HP: 49/49 MP: 4/4
  2238 | D:5      | Entered Level 5 of the Dungeon
  2364 | D:4      | Noticed Eustachio
  2510 | D:4      | Got the Book of Nival Nigredo
  2688 | D:4      | Found a runed translucent door.
  2689 | D:4      | Noticed Crazy Yiuf
  2858 | D:4      | Killed Eustachio
  2859 | D:4      | Reached skill level 1 in Throwing
  2859 | D:4      | Reached skill level 5 in Shapeshifting
  2859 | D:4      | Reached XP level 6. HP: 51/57 MP: 5/5
  2938 | D:5      | Noticed a water moccasin
  2953 | D:5      | Killed a water moccasin
  3187 | D:5      | Noticed a steam dragon
  3187 | D:5      | Noticed a steam dragon
  3197 | D:5      | Killed a steam dragon
  3198 | D:5      | Reached skill level 6 in Shapeshifting
  3198 | D:5      | Reached XP level 7. HP: 63/63 MP: 6/6
  3211 | D:5      | Killed a steam dragon
  3572 | D:5      | Reached skill level 7 in Shapeshifting
  3588 | D:5      | Found a glowing golden altar of the Shining One.
  3593 | D:5      | Became a worshipper of the Shining One
  3702 | D:5      | Reached XP level 8. HP: 71/71 MP: 7/7
  3717 | D:5      | Found a shimmering blue altar of Sif Muna.
  3989 | D:5      | Reached skill level 8 in Shapeshifting
  4018 | D:6      | Found a white marble altar of Elyvilon.
  4232 | D:6      | Found a radiant altar of Vehumet.
  4293 | D:6      | Reached skill level 9 in Shapeshifting
  4789 | D:7      | Found a flagged portal.
  4798 | Bailey   | Entered a bailey
  5302 | Bailey   | Reached skill level 10 in Shapeshifting
  5302 | Bailey   | Reached XP level 9. HP: 72/79 MP: 8/8
  5681 | Bailey   | Identified the +3 whip "Quuhear" {venom, Str+4 Int+3 Dex+2}
  5797 | Bailey   | Noticed an orc high priest
  5798 | Bailey   | Noticed a sun demon
  5824 | Bailey   | The Shining One protects you from harm!
  5825 | Bailey   | Gained mutation: You occasionally shout uncontrollably at
                  | your foes. [potion of mutation]
  5825 | Bailey   | Gained mutation: You have large cloven feet. [potion of
                  | mutation]
  5825 | Bailey   | Slain by a sun demon

Illustrated notes

Levels and vault maps discovered:
D:1:      lemuel_arrival_behind_the_door_large, layout_loops_cross
D:2:      layout_rooms, shapermc_ecumenical_altar_gd, serial_shops, shop
D:3:      layout_loops_corners, mainiacjoe_overflow_cross_hatched,
          nicolae_wu_jian_immortal_techniques, reono_crystal_passage,
          chequers_serial_rivers_micro_e
D:4:      layout_basic, uniq_ijyb, uniq_crazy_yiuf_cottage, uniq_eustachio
D:5:      kennysheep_steamy, layout_gridville, lemuel_doored_altar,
          mainiacjoe_overflow_24_doors, nicolae_grassy_gnolls
D:6:      layout_rooms, overflow_temple_1_default, vehumet_altar_wand_db,
          minivault_10, st_stairs_1
D:7:      layout_rooms, regret_index_xom_of_box, trog_book,
          lemuel_crystal_altar, minmay_temple_entry_antechambers,
          enter_bailey_6, serial_aquarium, aquarium_bridge_island_small
          [aquarium_subvault_small_water, aquarium_subvault_window,
          aquarium_subvault_bridge, aquarium_subvault_wall,
          aquarium_subvault_bridge], aquarium_window_fake, aquarium_window_2,
          aquarium_view_2f, serial_shops, shop, uniq_maggie
Bailey:   bailey_axe_of_yendor_kennysheep, bailey

Skill      XL: |  1  2  3  4  5  6  7  8 |
---------------+-------------------------+-----
Fighting       | 1 |  1.6
Dodging        | 2 |  2.2
Shapeshifting  | 4 5 6 7 10 | 10.5
Throwing       | 1 2 3 |  3.8
Unarmed Combat | |  3.5

Action                     |  1- 3 |  4- 6 |  7- 9 || total
---------------------------+-------+-------+-------++-------
  Melee: Unarmed           |    77 |   102 |   168 ||   347
         Punch             |     1 |       |     3 ||     4
         Maw               |       |       |     5 ||     5
  Throw: Boomerang         |       |     3 |    21 ||    24
Ability: Begin Untransform |       |       |     2 ||     2
  Evoke: Wand              |       |     3 |     5 ||     8
    Use: Potion            |       |     3 |     6 ||     9
         Scroll            |       |     4 |     3 ||     7
   Stab: Sleeping          |     1 |       |       ||     1
 Armour: Animal skin       |    54 |    57 |     7 ||   118
         Skin              |       |     3 |    65 ||    68
         Steam dragon scal |       |       |    93 ||    93
  Dodge: Dodged            |    42 |    58 |   115 ||   215
   Form: Beast             |       |       |     1 ||     1
         Maw               |       |       |     1 ||     1

Table legend: (Time is in decaauts)
 A = Elapsed time spent in this place.
 B = Non-inter-level travel time spent in this place.
 C = Inter-level travel time spent in this place.
 D = Time resting spent in this place.
 E = Time spent auto-exploring this place.
 F = Levels seen in this place.
 G = Mean time per level.
                   A        B        C        D        E       F      G
               +--------+--------+--------+--------+--------+-----+--------+
         Total |   5805 |   5536 |    269 |   1315 |   2866 |   8 |  725.6 |
       Dungeon |   4779 |   4510 |    269 |    593 |   2866 |   7 |  682.7 |
        Bailey |   1025 |   1025 |      0 |    722 |      0 |   1 | 1025.0 |
               +--------+--------+--------+--------+--------+-----+--------+

Top non-repeatable levels by time:
  Bailey: 1025 daAuts
     D:3: 988 daAuts
     D:4: 981 daAuts
     D:5: 907 daAuts
     D:6: 719 daAuts
     D:1: 600 daAuts
     D:2: 510 daAuts
     D:7: 72 daAuts
